 Dungeon Crawl Stone Soup version 0.29.1-15-g9cfb28693d (webtiles) character file.

Game seed: 3068004935613805928

52 Heoruswealwe the Caller (level 3, 0/19 HPs)
             Began as a Deep Elf Summoner on May 4, 2023.
             Slain by Sigmund
             ... wielding a +0 scythe
              (8 damage)
             ... on level 2 of the Dungeon.
             The game lasted 00:21:22 (1489 turns).

Heoruswealwe the Caller (Deep Elf Summoner)         Turns: 1489, Time: 00:21:23

Health: 0/19       AC:  4    Str:  5    XL:     3   Next: 60%
Magic:  7/10       EV: 12    Int: 21    God:
Gold:   119        SH:  0    Dex: 15    Spells: 6/10 levels left

rFire   . . .      SeeInvis .   (no weapon)
rCold   x x .      Faith    .   (no shield)
rNeg    . . .      Spirit   .   c - +0 robe
rPois   .          Reflect  .   g - +2 hat {Will+}
rElec   x          Harm     .   (no cloak)
rCorr   .          Rampage  .   (no gloves)
Will    +....                   (no boots)
Stlth   ++........              (no amulet)
HPRegen 0.06/turn               (no ring)
MPRegen 0.12/turn               (no ring)

@: no status effects
A: [cold vulnerability 2], [electricity vulnerability]
a: no special abilities


You were on level 2 of the Dungeon.
You visited 1 branch of the dungeon, and saw 2 of its levels.

You collected 119 gold pieces.

Inventory:

Armour
 c - a +0 robe (worn)
 g - a +2 hat of willpower (worn)
Scrolls
 a - a scroll of teleportation {unknown}
 e - 2 scrolls of identify {unknown}
 i - a scroll of noise {unknown}
 k - a scroll of amnesia {unknown}
 m - a scroll of vulnerability {unknown}
Potions
 d - a potion of curing {unknown}
 f - 2 potions of heal wounds {unknown}
 h - a potion of lignification {unknown}
 j - a potion of degeneration {unknown}
 l - a potion of haste {unknown}


   Skills:
 - Level 2.4 Dodging
 - Level 2.4 Stealth
 + Level 4.4 Spellcasting
 + Level 5.2 Summonings


You had 6 spell levels left.
You knew the following spells:

 Your Spells              Type           Power      Damage    Failure   Level
a - Summon Small Mammal   Summ           100%       N/A       1%          1
b - Call Canine Familiar  Summ           26%        N/A       4%          3

Your spell library contained the following spells:

 Spells                   Type           Power      Damage    Failure   Level
 Call Imp                 Summ           26%        N/A       1%          2
 Summon Guardian Golem    Hex/Summ       15%        N/A       12%         3
 Summon Lightning Spire   Summ/Air       15%        N/A       36%         4


Dungeon Overview and Level Annotations

Branches:
Dungeon (2/15)

Altars:
Hepliaklqana
Qazlal

Shops:
D:1 ([*=:

Annotations:
D:2 Sigmund


Innate Abilities, Weirdness & Mutations

[You are very vulnerable to cold. (rC--)]
[You are vulnerable to electric shocks.]


Message History

The adder barely misses you.
You miss the adder.
The adder is almost dead.
The adder closely misses you.
Your hound bites the adder.
The adder dies!
Your hound bites something.
Your hound bites something.
Your hound closely misses something.
Your hound barely misses something.
Your hound closely misses something.
A magic dart appears from out of thin air!
The magic dart hits you.
Your hound bites something. x2
The spell is quite dangerous to miscast (4% risk of failure)!
Continue anyway?
Your hound disappears in a puff of smoke!
A puff of flame appears from out of thin air!
The puff of flame hits your hound!
Qazlal incites the elements against you!
A basilisk comes into view.
Casting: Call Canine Familiar (quite dangerous; 4% risk of failure)
Confirm with . or Enter, or press ? or * to list all spells.
Your hound barely misses something.
Something hits your hound.
You swap places.
Your hound bites something but does no damage.
The basilisk misses your quokka.
Your hound bites something.
Something barely misses your hound.
Your quokka misses the basilisk.
Your hound bites something.
The basilisk bites your quokka!
Your quokka dies!
Your quokka's corpse disappears in a puff of smoke!
Your hound bites something.
Something hits your hound!
Your hound dies!
Your hound's corpse disappears in a puff of smoke!
Magic courses through your body.
The spell is quite dangerous to miscast (4% risk of failure)!
Continue anyway?
Something hits you! The basilisk gazes at you.
You easily resist.
You hit the basilisk but do no damage.
Your hound barely misses the basilisk.
The basilisk misses you. Something hits you!
You die...

# .. ############ #.
##..w{.@lh..#
##.######...#######.#
S#..............# #.#
........##...##.# #.#
#.#####[###.###.# #.# #.#
#.# #.# #.# #.# #.#
#>####.#
###@###.###...##.#######
#..........#S.##.......##


You could see a basilisk (ally target), a dart slug and a friendly hound
(summoned).

Vanquished Creatures (collateral kills)
  An adder (D:2)
  3 ball pythons
  5 bats
  3 endoplasms (D:1)
  A giant cockroach (D:1)
  5 goblins
  7 hobgoblins (D:1)
  4 kobolds (D:1)
  2 quokkas
  2 frilled lizards (D:1)
  6 rats
39 creatures vanquished.

Notes
Turn   | Place    | Note
-------+----------+-------------------------------------------
     0 | D:1      | Heoruswealwe the Deep Elf Summoner began the quest for the
                  | Orb.
     0 | D:1      | Reached XP level 1. HP: 10/10 MP: 6/6
   126 | D:1      | Reached XP level 2. HP: 11/15 MP: 4/8
   357 | D:1      | Found Nismopeu's Antique Weapon Emporium.
   639 | D:1      | Found Liutrask's Antique Armour Boutique.
   867 | D:1      | Found a faded altar of an unknown god.
   870 | D:1      | Prayed at the altar of an unknown god.
   870 | D:1      | Became a worshipper of Qazlal Stormbringer
   870 | D:1      | Reached * piety under Qazlal
   871 | D:1      | Fell from the grace of Qazlal
   902 | D:1      | Found Gias's Jewellery Shop.
   919 | D:1      | Reached skill level 5 in Summonings
   919 | D:1      | Reached XP level 3. HP: 19/19 MP: 7/10
   923 | D:1      | Learned a level 3 spell: Call Canine Familiar
   978 | D:1      | Found Igipleg's General Store.
  1076 | D:1      | Found Qaratowyq's Book Boutique.
  1174 | D:2      | Found a hazy altar of Hepliaklqana.
  1427 | D:2      | Noticed Sigmund
  1430 | D:2      | Identified the +1 ring mail "Toafalla" {Str+7}
  1482 | D:2      | Noticed a basilisk
  1489 | D:2      | Slain by Sigmund

Illustrated notes

Levels and vault maps discovered:
D:1:      onia_arrival_pyramid, layout_basic,
          hellmonk_ecumenical_altar_inner_sanctum, serial_shops, shop,
          nicolae_diamond_shop, nicolae_shop_stone, shop, shop,
          nicolae_figureground_sparkle
D:2:      layout_loops_ring, basic_altar, uniq_sigmund

Skill      XL: |  1  2 |
---------------+-------+-----
Spellcasting   | 4 |  4.4
Summonings     | 5 |  5.2
Dodging        | |  2.4
Stealth        | |  2.4

Action                   || total
-------------------------++-------
Melee: Unarmed           ||    12
 Cast: Summon Small Mamm ||    35
       Call Canine Famil ||     9
Invok: Renounce Religion ||     1
  Use: Potion            ||     1
Armor: Robe              ||     4
Dodge: Dodged            ||    24
